 Dungeon Crawl Stone Soup version 0.17-a0-1504-gb7d9117 (webtiles) character file.

1667 urechis the Basher (level 9, -1/97 HPs)
             Began as an Ogre Gladiator on July 9, 2015.
             Was an Initiate of Ru.
             Slain by a sky beast (3 damage)
             ... on level 8 of the Dungeon.
             The game lasted 00:11:46 (6690 turns).

urechis the Basher (Ogre Gladiator)                 Turns: 6690, Time: 00:11:47

Health: -1/97      AC:  4    Str: 25    XL:     9   Next: 1%
Magic:  9/9        EV: 10    Int:  7    God:    Ru [......]
Gold:   454        SH:  0    Dex: 10    Spells: 0 memorised, 8 levels left

rFire  . . .     SeeInvis .     a - +0 giant club
rCold  . . .     Clarity  .     E - +0 robe
rNeg   + . .     SustAt   .     (no shield)
rPois  .         Gourm    .     c - +0 hat
rElec  .         Spirit   .     w - +0 cloak
rCorr  .         Warding  .     (gloves unavailable)
rMut   .         Stasis   .     (boots unavailable)
MR     .....                    A - amulet of regeneration
Stlth  +.........               y - ring of positive energy
                                (no ring)

@: starving, not resistant to hostile enchantments, very unstealthy
A: unfitting armour, tough skin 1
a: Renounce Religion


You were on level 8 of the Dungeon.
You worshipped Ru.
Ru was noncommittal.
You were starving.

You visited 2 branches of the dungeon, and saw 9 of its levels.

You collected 454 gold pieces.

Inventory:

Hand weapons
 a - a +0 giant club (weapon)
 b - a +0 blowgun
 o - a +0 morningstar
Missiles
 e - 3 throwing nets
 i - 57 poisoned needles
 n - 6 large rocks (quivered)
 J - 6 tomahawks
Armour
 c - a +0 hat (worn)
 w - a +0 cloak (worn)
 E - a +0 robe (worn)
Jewellery
 l - an uncursed ring of positive energy
 y - a ring of positive energy (right hand)
 A - an amulet of regeneration (around neck)
 D - an uncursed ring of invisibility
Scrolls
 j - 2 scrolls of blinking {unknown}
 p - 4 scrolls of identify {unknown}
 q - 3 scrolls of enchant armour {unknown}
 s - 4 scrolls of recharging {unknown}
 t - 2 scrolls of fog {unknown}
 v - 2 scrolls of remove curse
 x - 2 scrolls of random uselessness {unknown}
 G - a scroll of amnesia {unknown}
 H - a scroll of fear {unknown}
Potions
 f - a potion of mutation {unknown}
 h - a potion of magic {unknown}
 k - a potion of curing {unknown}
 m - a potion of cure mutation {unknown}
 r - a potion of ambrosia {unknown}
 u - a potion of resistance
 z - 2 potions of flight {unknown}
 C - 4 potions of poison {unknown}
 F - 2 potions of might {unknown}
 I - a potion of cancellation {unknown}
 K - a potion of brilliance {unknown}
Comestibles
 d - 6 bread rations
 g - 3 beef jerkies
 B - 4 meat rations


   Skills:
 + Level 8.3 Fighting
 + Level 11.0 Maces & Flails
 * Level 5.5 Throwing
 - Level 2.6 Dodging


You had 8 spell levels left.
You didn't know any spells.

Dungeon Overview and Level Annotations

Branches:
Dungeon (8/15)             Temple (1/1) D:7
   Lair: D:8-11

Altars:
Ashenzari
Cheibriados
Dithmenos
Elyvilon
Fedhas
Gozag
Kikubaaqudgha
Makhleb
Nemelex Xobeh
Okawaru
Qazlal
Ru
Sif Muna
Trog
Xom
Yredelemnul
Zin
The Shining One


Innate Abilities, Weirdness & Mutations

You are too large for most types of armour.
You have tough skin (AC +1).


Message History

Something shocks you.
* * * LOW HITPOINT WARNING * * *
You closely miss something. Something hits you.
* * * LOW HITPOINT WARNING * * *
Something shocks you.
* * * LOW HITPOINT WARNING * * *
Something hits you.
* * * LOW HITPOINT WARNING * * *
Something shocks you.
* * * LOW HITPOINT WARNING * * *
Drink which item? (? for menu, Esc to quit)
Okay, then.
You barely miss something. Something hits you.
* * * LOW HITPOINT WARNING * * *
Something shocks you.
* * * LOW HITPOINT WARNING * * *
You barely miss something.
A sky beast appears from thin air!
Reactivating autopickup.
The sky beast hits you.
You die...

...............
...............
...............
...............
./.............
....!..........
......)........
.......@.......
......†Y.......
...............
#..............
##.............
##............
#............
.###.......##
## ##..#####


You could see a sky beast.

Vanquished Creatures
  Eustachio (D:5)
  3 phantoms
  A sky beast (D:6)
  An ogre (D:6)
  3 centaurs
  A giant frog (D:6)
  3 wights (D:6)
  An orc priest (D:5)
  A giant frog zombie (D:6)
  Crazy Yiuf (D:3)
  2 hounds
  A jelly (D:7)
  4 orc wizards
  Jessica (D:3)
  An iguana (D:4)
  A giant frog skeleton (D:3)
  4 worker ants
  The ghost of patman the Slasher, a weakling HaBe of Trog (D:3)
  12 adders
  3 oozes
  4 worms
  4 giant geckos
  15 orcs
  3 ball pythons
  A bat skeleton (D:5)
  8 giant cockroaches
  9 hobgoblins
  5 kobolds
  12 bats
  A giant cockroach zombie (D:5)
  A giant gecko skeleton (D:6)
  7 giant newts
  7 goblins
  19 rats
  A fungus (D:3)
143 creatures vanquished.

Vanquished Creatures (others)
  A fungus (D:3)
1 creature vanquished.

Grand Total: 144 creatures vanquished

Notes
Turn   | Place    | Note
--------------------------------------------------------------
     0 | D:1      | urechis the Ogre Gladiator began the quest for the Orb.
     0 | D:1      | Reached XP level 1. HP: 22/22 MP: 1/1
   195 | D:1      | Reached XP level 2. HP: 14/31 MP: 2/2
   781 | D:2      | Reached skill level 5 in Maces & Flails
   812 | D:2      | Reached XP level 3. HP: 35/37 MP: 3/3
  1070 | D:2      | Reached XP level 4. HP: 23/46 MP: 4/4
  1465 | D:2      | Reached skill level 6 in Maces & Flails
  1879 | D:3      | Noticed Jessica
  1887 | D:3      | Killed Jessica
  1972 | D:3      | Reached XP level 5. HP: 41/54 MP: 5/5
  1986 | D:3      | Noticed patman's ghost (weakling HaBe)
  2014 | D:3      | Killed patman's ghost
  2606 | D:3      | Reached skill level 7 in Maces & Flails
  2795 | D:3      | Noticed Crazy Yiuf
  2806 | D:3      | Killed Crazy Yiuf
  2806 | D:3      | Reached XP level 6. HP: 52/65 MP: 3/6
  3083 | D:4      | Reached skill level 5 in Fighting
  3111 | D:4      | Reached skill level 8 in Maces & Flails
  3454 | D:4      | Reached XP level 7. HP: 58/72 MP: 7/7
  3699 | D:5      | Entered Level 5 of the Dungeon
  3745 | D:5      | Reached skill level 9 in Maces & Flails
  4169 | D:5      | Noticed Eustachio
  4197 | D:5      | Killed Eustachio
  4197 | D:5      | Reached skill level 10 in Maces & Flails
  4217 | D:5      | Reached XP level 8. HP: 39/84 MP: 8/8
  4703 | D:5      | HP: 4/84 [something (2)]
  5411 | D:6      | Reached skill level 5 in Throwing
  5531 | D:6      | Reached skill level 11 in Maces & Flails
  6022 | D:7      | Reached XP level 9. HP: 87/97 MP: 9/9
  6120 | D:7      | Found a staircase to the Ecumenical Temple.
  6134 | Temple   | Entered the Ecumenical Temple
  6219 | Temple   | Became a worshipper of Ru the Awakened
  6265 | D:7      | Found a shimmering altar of Xom.
  6689 | D:8      | HP: 1/97 [something (6)]
  6690 | D:8      | Slain by a sky beast

Vault maps used:
D:1:      enne_arrival_octagon_isle, st_stairs_4, minmay_stone_trees_medium,
          minmay_crystal_room
D:2:      first_bread
D:3:      uniq_jessica, uniq_crazy_yiuf_cottage
D:4:      minmay_misc_feat_roman, kennysheep_decorative_pillar,
          wad_rectangle_vault
D:5:      grunt_ministairs_9, minmay_misc_feat_ornament, uniq_eustachio
D:6:      solitary_fountain
D:7:      minmay_temple_entry_junction, basic_altar
D:8:      uniq_erolcha
Temple:   grunt_circular_temple_18

Action                   |  1- 3 |  4- 6 |  7- 9 || total
-------------------------+-------+-------+-------++-------
Melee: Flail             |    86 |   181 |   162 ||   429
       Club              |       |    45 |       ||    45
       Giant club        |       |       |    54 ||    54
Throw: Large rock        |       |     2 |     6 ||     8
  Use: Scroll            |       |       |     2 ||     2
       Potion            |       |       |     3 ||     3
 Stab: Sleeping          |     2 |     1 |       ||     3
  Eat: Chunk             |     1 |     8 |    11 ||    20
